 Seeded DCSS version 0.31-a0-237-g2d982f9f85 (webtiles) character file.

Game seed: 17534068631569876614 (custom seed)

39 innerfire43 the Trooper (level 3, -1/29 HPs)
             Began as a Demonspawn Monk on July 11, 2023.
             Slain by Terence
             ... wielding a +0 heavy falchion
              (8 damage)
             ... on level 2 of the Dungeon.
             The game lasted 00:01:24 (944 turns).

innerfire43 the Trooper (Demonspawn Monk)            Turns: 944, Time: 00:01:24

Health: -1/29      AC:  2    Str: 13    XL:     3   Next: 28%
Magic:  3/3        EV:  8    Int: 11    God:
Gold:   55         SH:  0    Dex: 15    Spells: 2/2 levels left

rFire   . . .        a - +0 mace
rCold   . . .        k - +0 tower shield
rNeg    . . .        b - +0 robe
rPois   .            (no helmet)
rElec   .            (no cloak)
rCorr   .            (no gloves)
SInv    +            (no boots)
Will    .....        (no amulet)
Stlth   +            g - ring of see invisible
HPRegen 0.24/turn    (no ring)
MPRegen 0.08/turn

%: no passive effects
@: confused, ambrosia-drunk
A: demonic magic 1
a: no special abilities


You were on level 2 of the Dungeon.
You visited 1 branch of the dungeon, and saw 2 of its levels.

You collected 55 gold pieces.

Inventory:

Hand Weapons
 a - a +0 mace (weapon)
 f - a +0 whip
Armour
 b - a +0 robe (worn)
 d - an orb of light
 k - a +0 tower shield (worn)
Jewellery
 g - a ring of see invisible (left hand)
 n - an amulet of the acrobat
Scrolls
 e - 3 scrolls of amnesia {unknown}
 h - 4 scrolls of identify {unknown}
 i - 2 scrolls of immolation {unknown}
 l - a scroll of noise {unknown}
Potions
 j - 2 potions of haste {unknown}
 m - a potion of curing {unknown}
 o - a potion of attraction {unknown}
 p - a potion of lignification {unknown}
 q - a potion of invisibility {unknown}
 r - 2 potions of heal wounds {unknown}


   Skills:
 - Level 3.0 Fighting
 + Level 3.0 Maces & Flails
 * Level 1.6 Armour
 + Level 2.9 Dodging
 * Level 0.9 Shields


You had 2 spell levels left.
You didn't know any spells.
Your spell library was empty.

Dungeon Overview and Level Annotations

Branches:
Dungeon (2/15)

Altars:

Annotations:
D:2 Terence


Innate Abilities, Weirdness & Mutations

Spells you cast may paralyse adjacent enemies.


Message History

o - a brown potion No target in view!
No target in view!
Found a stone staircase leading down.
No target in view!
p - a sedimented dark potion No target in view!
No target in view!
q - a murky coppery potion No target in view!
No target in view!
r - 2 sapphire potions No target in view!
Terence and a frilled lizard come into view.
Terence is wielding a +0 heavy falchion.
Found 6 stones.
Terence shouts!
There are monsters nearby!
You block Terence's attack.
You hit Terence.
Terence is moderately wounded.
You block Terence's attack.
You hit Terence but do no damage.
Terence is moderately wounded.
Terence hits you with a +0 heavy falchion!
You closely miss Terence.
Terence is moderately wounded.
You block the frilled lizard's attack. Terence closely misses you.
The frilled lizard bites you.
You hit Terence.
Terence is heavily wounded.
You block the frilled lizard's attack.
Terence hits you with a +0 heavy falchion!
* * * LOW HITPOINT WARNING * * *
Unknown command.
You are confused.
You feel invigorated. The frilled lizard bites you.
* * * LOW HITPOINT WARNING * * *
Terence hits you with a +0 heavy falchion!
You die...

.. ### #.#####.. ###.......
#.(......### ..
##..#............# ##.........#
#....###### ..
......@..#.###..........
#....###...l@.#......#.#####.
#.....##.......#........###..
###.....##....................#
.....#...########.......>....##
....................#..........
.................#.[#....###.#.
............#............###...
#.#.......#.............###.#
#.###.##.##......<......# #.#


You could see Terence and a frilled lizard.

Vanquished Creatures
  2 dart slugs
  2 endoplasms
  A giant cockroach (D:1)
  5 goblins
  3 hobgoblins (D:1)
  6 kobolds
  2 quokkas (D:1)
  2 ball pythons
  4 bats
  3 frilled lizards (D:1)
  4 rats
34 creatures vanquished.

Notes
Turn   | Place    | Note
-------+----------+-------------------------------------------
     0 | D:1      | innerfire43 the Demonspawn Monk began the quest for the
                  | Orb.
     0 | D:1      | Reached XP level 1. HP: 18/18 MP: 1/1
    32 | D:1      | Reached skill level 1 in Armour
    32 | D:1      | Gained mutation: Spells you cast may paralyse adjacent
                  | enemies. [demonic ancestry]
    32 | D:1      | Reached XP level 2. HP: 22/24 MP: 2/2
   408 | D:1      | Reached XP level 3. HP: 13/29 MP: 3/3
   936 | D:2      | Noticed Terence
   944 | D:2      | Slain by Terence

Illustrated notes

Levels and vault maps discovered:
D:1:      shiori_arrival_maze, layout_rooms, minmay_misc_feat_diagonals,
          minmay_crystal_room
D:2:      layout_rooms, fountainhead, solitary_fountain, uniq_terence

Skill      XL: |  1  2 |
---------------+-------+-----
Armour         | 1 |  1.6
Maces & Flails | 3 |  3.0
Fighting       | |  3.0
Dodging        | |  2.9
Shields        | |  0.9

Action                     || total
---------------------------++-------
  Melee: Mace              ||    87
    Use: Potion            ||     1
   Stab: Sleeping          ||     3
 Armour: Robe              ||    25
  Dodge: Dodged            ||    44
  Block: Tower shield      ||    52

Table legend: (Time is in decaauts)
 A = Elapsed time spent in this place.
 B = Non-inter-level travel time spent in this place.
 C = Inter-level travel time spent in this place.
 D = Time resting spent in this place.
 E = Time spent auto-exploring this place.
 F = Levels seen in this place.
 G = Mean time per level.
                   A        B        C        D        E       F      G
               +--------+--------+--------+--------+--------+-----+--------+
         Total |   1003 |    979 |     24 |      0 |    707 |   2 |  501.5 |
       Dungeon |   1003 |    979 |     24 |      0 |    707 |   2 |  501.5 |
               +--------+--------+--------+--------+--------+-----+--------+

Top non-repeatable levels by time:
     D:1: 653 daAuts
     D:2: 349 daAuts
